 Dungeon Crawl Stone Soup version 0.14-a0-1522-g6c286a4 (webtiles) character file.

517 Luchsli the Covered (level 6, -1/52 HPs)
             Began as a Minotaur Fighter on Dec 17, 2013.
             Slain by an orc priest
             ... wielding a -1,+1 orcish whip
              (3 damage)
             ... on Level 3 of the Dungeon.
             The game lasted 00:09:23 (2657 turns).

Luchsli the Covered (Minotaur Fighter)              Turns: 2657, Time: 00:09:23

HP  -1/52        AC  8     Str 21      XL: 6   Next: 45%
MP   3/3         EV  7     Int  5      God:
Gold 139         SH 20     Dex 11      Spells:  0 memorised,  5 levels left

rFire  . . .     SeeInvis .     a - +0 mace
rCold  . . .     Clarity  .     b - +0 scale mail
rNeg   . . .     Conserve .     c - +0 shield
rPois  .         rCorr    .     (helmet restricted)
rElec  .         rRot     .     (no cloak)
SustAb . .       Spirit   .     p - +0 pair of gloves
rMut   .         Warding  .     (no boots)
Saprov . . .     Stasis   .     (no amulet)
                                (no ring)
                                (no ring)

@: slightly resistant to hostile enchantments, extremely unstealthy
A: retaliatory headbutt, horns 2
a: no special abilities


You were on level 3 of the Dungeon.
You were not hungry.

You visited 1 branch of the dungeon, and saw 3 of its levels.

You collected 139 gold pieces.

Inventory:

Hand weapons
 a - a +0,+0 mace (weapon)
Armour
 b - a +0 scale mail (worn)
 c - a +0 shield (worn)
 p - a +0 pair of gloves (worn)
Magical devices
 o - a wand of digging (7)
Comestibles
 d - 3 bread rations
 k - a meat ration
 m - an apricot
 t - a pear
Scrolls
 g - a scroll of remove curse {unknown}
 h - a scroll of enchant armour {unknown}
 i - a scroll of curse armour {unknown}
 l - a scroll of curse jewellery {unknown}
 s - a scroll of fog {unknown}
 w - a scroll of teleportation {unknown}
Jewellery
 e - an uncursed amulet of resist mutation {unknown}
Potions
 f - 2 potions of lignification {unknown}
 j - a potion of paralysis {unknown}
 n - 2 potions of curing {unknown}
 q - a potion of magic {unknown}
 r - a potion of flight {unknown}
 u - a potion of confusion {unknown}


   Skills:
 + Level 4.1 Fighting
 * Level 4.7 Maces & Flails
 + Level 5.1 Armour
 * Level 3.5 Dodging
 + Level 4.8 Shields


You had 5 spell levels left.
You didn't know any spells.

Dungeon Overview and Level Annotations

Branches:
Dungeon (3/16)

Altars:
Vehumet
Xom


Innate Abilities, Weirdness & Mutations

You reflexively headbutt those who attack you in melee.
You have a pair of horns on your head.


Message History

The orc priest is severely wounded.
You block the orc priest's attack. The kobold hits you but does no damage.
You block the orc's attack. The orc hits you but does no damage.
The orc priest looks braver.
You hear some strange, mumbled words.
The magic dart hits you!
* * * LOW HITPOINT WARNING * * *
You completely miss the orc priest.
The orc priest is severely wounded.
The kobold hits you but does no damage. The orc barely misses you.
The orc hits you but does no damage.
The orc priest hits you but does no damage.
It hits you.
* * * LOW HITPOINT WARNING * * *
You block the kobold's attack.
You hit the orc priest but do no damage.
The orc priest is severely wounded.
The orc hits you but does no damage.
The orc priest hits you with an orcish whip.
You die...

... . #.....# ...#
#.....# ...# #.....#+#
...# ####......... ...#
#..+.........
...#########.##.........
...........#.##.Ko.......
.............##o@).......
.............%..o###.....
..%.................>...
###########...#.##.#....
#...._.#.# . #####.##.#
#.....# #######


You could see an orc priest, 2 orcs and a kobold.

Vanquished Creatures
  The ghost of SkaryMonk the Sneak, an average GrAs (D:3)
  A centaur (D:3)
  3 adders
  4 gnolls (D:3)
  2 worms
  2 giant geckos
  An ooze (D:1)
  3 orcs (D:3)
  12 bats
  4 giant cockroaches
  8 goblins
  9 hobgoblins
  A ball python (D:2)
  3 giant newts
  4 kobolds
  9 rats
67 creatures vanquished.

Notes
Turn   | Place    | Note
--------------------------------------------------------------
     0 | D:1      | Luchsli, the Minotaur Fighter, began the quest for the Orb.
     0 | D:1      | Reached XP level 1. HP: 19/19 MP: 1/1
   351 | D:1      | Reached skill level 4 in Armour
   357 | D:1      | Reached XP level 2. HP: 27/27 MP: 1/1
   786 | D:2      | Reached XP level 3. HP: 28/33 MP: 2/2
   911 | D:2      | Found a shimmering altar of Xom.
  1459 | D:2      | Reached skill level 1 in Dodging
  1916 | D:3      | Reached XP level 4. HP: 35/40 MP: 2/2
  2175 | D:3      | Noticed SkaryMonk's ghost (average GrAs)
  2184 | D:3      | Killed SkaryMonk's ghost
  2184 | D:3      | Reached skill level 5 in Armour
  2184 | D:3      | Reached XP level 5. HP: 41/46 MP: 0/2
  2184 | D:3      | Reached XP level 6. HP: 46/52 MP: 0/3
  2275 | D:3      | Noticed a centaur
  2291 | D:3      | Killed a centaur
  2619 | D:3      | Found a radiant altar of Vehumet.
  2656 | D:3      | HP: 1/52 [something (3)]
  2657 | D:3      | Slain by an orc priest

Action                   |  1- 3 |  4- 6 || total
-------------------------+-------+-------++-------
Melee: Mace              |    87 |    78 ||   165
  Use: Scroll            |       |     2 ||     2
